 Dungeon Crawl Stone Soup version 0.29-a0-551-gffc1d7fb78 (webtiles) character file.

Game seed: 406296545454745054

4125 NateTC the Cleaver (level 10, -2/90 (91) HPs)
             Began as a Hill Orc Fighter on June 5, 2022.
             Was an Initiate of Ashenzari.
             Slain by a death yak (7 damage)
             ... on level 7 of the Dungeon.
             The game lasted 00:22:12 (10187 turns).

NateTC the Cleaver (Hill Orc Fighter)              Turns: 10187, Time: 00:22:12

HP:   -2/90 (91)    AC: 17    Str: 22    XL:     10   Next: 27%
MP:   10/10         EV:  6    Int:  8    God:    Ashenzari [......]
Gold: 284           SH:  4    Dex: 12    Spells: 9/9 levels left

rFire   . . .      SeeInvis .   a - +1 broad axe (venom)
rCold   . . .      Faith    .   c - +0 buckler
rNeg    + . .      Spirit   .   w - +2 plate armour
rPois   .          Reflect  .   (no helmet)
rElec   .          Harm     .   (no cloak)
rCorr   .          Rampage  .   (no gloves)
Will    .....                   s - +1 pair of boots
Stlth   ..........              (no amulet)
HPRegen 0.25/turn               m - ring of the Cryptic Stars {rN+, Cun, Melee} (curse)
MPRegen 0.12/turn               (no ring)

@: lightly drained
A: no striking features
a: Renounce Religion, Curse Item, Shatter the Chains


You were on level 7 of the Dungeon.
You worshipped Ashenzari.
Ashenzari was noncommittal.
You visited 2 branches of the dungeon, and saw 9 of its levels.
You also visited: Sewer.

You collected 284 gold pieces.

Inventory:

Hand Weapons
 a - a +1 broad axe of venom (weapon)
 b - a +0 morningstar
Missiles
 v - a throwing net (quivered)
Armour
 c - a +0 buckler (worn)
 s - a +1 pair of boots (worn)
 w - a +2 plate armour (worn)
Jewellery
 m - the cursed ring of the Cryptic Stars (left hand) {rN+, Cun, Melee}
   (You found it on level 3 of the Dungeon)

   [ring of positive energy]

   rN:        It protects you from negative energy.
   It has a curse which improves the following skills: Cunning: Dodging and
   Stealth.
   Melee Combat: Short Blades, Long Blades, Axes, Maces & Flails, Polearms,
   Staves and Unarmed Combat.
 u - a ring of magical power
 x - a ring of wizardry
 z - a ring of poison resistance
Wands
 o - a wand of acid (9)
 t - a wand of flame (18)
Potions
 e - 2 potions of brilliance {unknown}
 f - 2 potions of attraction {unknown}
 g - 5 potions of heal wounds
 h - 3 potions of invisibility {unknown}
 i - 5 potions of flight
 j - 3 potions of curing
 k - 3 potions of degeneration
 l - 2 potions of mutation {unknown}
 n - 2 potions of lignification {unknown}
 p - 2 potions of cancellation {unknown}
 q - 3 potions of magic {unknown}
 A - a potion of ambrosia {unknown}


   Skills:
 - Level 9.0 Fighting
 * Level 14.7(15.1) Axes
 + Level 7.5 Armour
 - Level 3.2 Shields


You had 9 spell levels left.
You didn't know any spells.
Your spell library contained the following spells:

 Spells                   Type           Power      Damage    Failure   Level
 Apportation              Tloc           0%         N/A       100%        1
 Shock                    Conj/Air       0%         1d3       100%        1
 Swiftness                Air            0%         N/A       100%        3
 Airstrike                Air            0%         N/A       100%        4
 Alistair's Intoxication  Tmut/Pois      0%         N/A       100%        5


Dungeon Overview and Level Annotations

Branches:
Dungeon (8/15)             Temple (1/1) D:4            Lair (0/6) D:8
  Sewer (visited)

Altars:
Ashenzari
Cheibriados
Dithmenos
Elyvilon
Fedhas
Gozag
Hepliaklqana
Kikubaaqudgha
Makhleb
Nemelex Xobeh
Okawaru
Qazlal
Sif Muna
Trog
Vehumet
Wu Jian
Xom
Yredelemnul
The Shining One


Message History

You barely miss the wight. You hit the wight.
The wight is moderately damaged.
You hit the death yak but do no damage. The wight hits you but does no damage.
The death yak gores you!
You barely miss the wight.
The wight is moderately damaged.
You hit the death yak but do no damage.
The death yak looks as sick as possible!
The wight hits you with a +0 long sword.
You partially resist.
You feel drained. The death yak gores you!!
You hit the wight.
The wight is heavily damaged.
You slash the death yak!
The death yak looks as sick as possible!
The wight barely misses you. The death yak gores you!
You slash the wight!
You destroy the wight!
You hit the death yak but do no damage.
The death yak looks as sick as possible!
The death yak barely misses you.
You barely miss the death yak.
The death yak is severely wounded.
The death yak gores you!
* * * LOW HITPOINT WARNING * * *
You barely miss the death yak.
The death yak is severely wounded.
The death yak gores you!!
* * * LOW HITPOINT WARNING * * *
You slash the death yak!
The death yak looks as sick as possible!
The death yak is severely wounded.
You hit the death yak but do no damage.
The death yak looks as sick as possible!
The death yak is severely wounded.
The death yak barely misses you.
You barely miss the death yak.
The death yak is almost dead.
The death yak gores you!
You die...

#...........## #..........##...
##...........#####...............
#.......###.....................
#...........####................
#..............))#..............
#.......<..#####.[..............
#...........###..(...........##.
#............##Y.....<.......##.
#.|...........[@)........###....
#.............[.................
##...........#...................
###########.....#........#.##....
.......###..........[......##....
######<.....#.........##.####....
##...#...........##.# #.###
#######.....##.......###F####....
.....###.......................##


You could see a death yak (extremely poisoned).

Vanquished Creatures
  5 yaks (D:7)
  Sigmund (D:3)
  2 orc warriors
  A sky beast (D:7)
  2 ice beasts
  A black bear (D:5)
  4 ogres
  4 kobold brigands
  2 phantoms
  3 bullfrogs
  A scorpion (D:5)
  15 wights (D:7)
  A howler monkey (D:4)
  4 jellies
  3 orc priests
  6 hounds
  Ijyb (D:3)
  Natasha (thrice) (D:3)
  5 iguanas
  2 orc wizards
  3 adders
  4 river rats
  A white imp (D:7)
  6 worms
  3 dart slugs
  28 orcs
  10 ball pythons
  3 endoplasms
  4 giant cockroaches
  5 goblins
  10 hobgoblins
  2 jackals (Sewer)
  15 kobolds
  3 quokkas
  6 bats
  4 frilled lizards
  8 rats
181 creatures vanquished.

Notes
Turn   | Place    | Note
-------+----------+-------------------------------------------
     0 | D:1      | NateTC the Hill Orc Fighter began the quest for the Orb.
     0 | D:1      | Reached XP level 1. HP: 19/19 MP: 1/1
    45 | D:1      | Reached skill level 3 in Axes
   164 | D:1      | Found a faded altar of an unknown god.
   198 | D:1      | Reached XP level 2. HP: 26/26 MP: 2/2
   351 | D:1      | Reached skill level 4 in Axes
   840 | D:2      | Reached XP level 3. HP: 19/31 MP: 3/3
  1067 | D:2      | Reached skill level 5 in Axes
  1236 | D:2      | Found a hazy altar of Hepliaklqana.
  2274 | D:3      | Reached XP level 4. HP: 40/40 MP: 4/4
  2283 | D:3      | Noticed Natasha
  2289 | D:3      | Killed Natasha
  2445 | D:3      | Reached skill level 5 in Fighting
  2577 | D:3      | Noticed Natasha
  2591 | D:3      | Killed Natasha
  2592 | D:3      | Reached XP level 5. HP: 39/48 MP: 5/5
  2598 | D:3      | Noticed Natasha
  2607 | D:3      | Killed Natasha
  2697 | D:3      | Found an opulent altar of Gozag.
  2711 | D:3      | Noticed Ijyb
  2723 | D:3      | Killed Ijyb
  3557 | D:3      | Noticed Sigmund
  3571 | D:3      | Killed Sigmund
  3572 | D:3      | Reached XP level 6. HP: 15/61 MP: 6/6
  4215 | D:4      | Reached XP level 7. HP: 45/69 MP: 7/7
  4993 | D:4      | Reached skill level 6 in Axes
  4995 | D:4      | Found a staircase to the Ecumenical Temple.
  5004 | Temple   | Entered the Ecumenical Temple
  5182 | Temple   | Became a worshipper of Ashenzari the Shackled
  5354 | D:4      | Identified the +0 leather armour "Uroefe" {Contam rElec
                  | rN++ Will+}
  5508 | D:4      | Reached skill level 7 in Axes
  5549 | D:5      | Entered Level 5 of the Dungeon
  5583 | D:5      | Reached XP level 8. HP: 78/78 MP: 8/8
  5607 | D:5      | Found a large runed translucent door.
  5608 | D:5      | Found a large runed translucent door.
  5617 | D:5      | Reached skill level 8 in Axes
  5895 | D:5      | Found a glowing drain.
  5899 | Sewer    | Entered a sewer
  5905 | Sewer    | Reached skill level 9 in Axes
  6163 | Sewer    | Found a white marble altar of Elyvilon.
  6460 | D:5      | Reached skill level 10 in Axes
  6730 | D:5      | You fall into a shaft and drop 2 floors!
  6791 | D:6      | Found a radiant altar of Vehumet.
  6954 | D:5      | Reached skill level 11 in Axes
  7232 | D:5      | Reached XP level 9. HP: 80/83 MP: 9/9
  7552 | D:5      | Found a shimmering altar of Xom.
  7567 | D:5      | Found a stormy altar of Qazlal.
  7880 | D:6      | Reached skill level 5 in Armour
  8195 | D:6      | Found a basalt altar of Yredelemnul.
  8258 | D:7      | Reached skill level 12 in Axes
  9005 | D:7      | Reached skill level 13 in Axes
  9585 | D:7      | Reached skill level 14 in Axes
  9585 | D:7      | Reached XP level 10. HP: 45/91 MP: 10/10
  9823 | D:7      | Found a sparkling altar of Nemelex Xobeh.
 10011 | D:8      | Noticed a death yak
 10011 | D:8      | Found a staircase to the Lair.
 10079 | D:8      | Noticed a death yak
 10079 | D:8      | Noticed a death yak
 10080 | D:8      | Noticed a death yak
 10080 | D:8      | Noticed a death yak
 10175 | D:8      | Noticed a death yak
 10184 | D:7      | HP: 4/90 [death yak (22)]
 10187 | D:7      | Slain by a death yak

Illustrated notes

Levels and vault maps discovered:
D:1:      saegor_arrival_simple_b, layout_loops_ring,
          ebering_ecumenical_altar_mist
D:2:      layout_basic, serial_co_window_serial, co_window_corner_a,
          co_window_corner_a, co_window_paths_b, co_window_of_opportunity_a,
          co_window_corner_a, co_window_cross_2, co_window_of_opportunity_b,
          co_window_of_opportunity_b, co_window_broadway_c, co_window_corner_ca,
          co_window_unsneaky_path_a, co_window_of_opportunity_b,
          co_window_4corner_a, glass_columns_b, glass_columns_c,
          glass_columns_a, basic_altar, grunt_decor_fettered
D:3:      layout_basic, mainiacjoe_overflow_brackets, minmay_misc_feat_alley,
          st_stairs_10, minivault_4, uniq_natasha, uniq_ijyb, uniq_sigmund
D:4:      minmay_diamond_boxcup, layout_basic, minmay_temple_entry_crystal_x
D:5:      layout_basic, jmf_multi_god_temple2, gup_sewer_entry_spiral
D:6:      layout_basic, mainiacjoe_overflow_alcove_2,
          mainiacjoe_overflow_catwalk
D:7:      layout_rooms, nemelex_diamond_rough_becter, serial_bayou_pond_e
D:8:      minmay_tri_box, layout_loops_ring, dancing_weapons_uskayaw,
          dpeg_lair_monsters, minmay_shop_grid_forest, moated_statue,
          minmay_misc_feat_rows
Temple:   nicolae_temple_figure_eight

Skill      XL: |  1  2  3  4  5  6  7  8  9 10 |
---------------+-------------------------------+-----
Axes           | 3 4 5 7 11 14 | 14.7
Fighting       | 4 5 7 8 9 |  9.0
Armour         | 4 6 7 |  7.5
Shields        | |  3.2

Action                   |  1- 3 |  4- 6 |  7- 9 | 10-12 || total
-------------------------+-------+-------+-------+-------++-------
Melee: War axe           |    14 |       |       |       ||    14
       Broad axe         |    85 |    79 |   293 |    33 ||   490
Invok: Curse Item        |       |       |     1 |       ||     1
  Use: Scroll            |     2 |     2 |     5 |     3 ||    12
       Potion            |       |     1 |       |       ||     1
Armor: Scale mail        |    38 |    24 |       |       ||    62
       Chain mail        |       |     6 |   144 |     4 ||   154
       Plate armour      |       |       |       |    13 ||    13
Dodge: Dodged            |    35 |    31 |    83 |     8 ||   157
Block: Buckler           |    18 |    13 |    48 |    10 ||    89

Table legend: (Time is in decaauts)
 A = Elapsed time spent in this place.
 B = Non-inter-level travel time spent in this place.
 C = Inter-level travel time spent in this place.
 D = Time resting spent in this place.
 E = Time spent auto-exploring this place.
 F = Levels seen in this place.
 G = Mean time per level.
                   A        B        C        D        E       F      G
               +--------+--------+--------+--------+--------+-----+--------+
         Total |  10395 |  10084 |    311 |   3157 |   3798 |  10 | 1039.5 |
       Dungeon |   9779 |   9489 |    290 |   3021 |   3559 |   8 | 1222.4 |
        Temple |    199 |    178 |     21 |      0 |    171 |   1 |  199.0 |
         Sewer |    415 |    415 |      0 |    136 |     68 |   1 |  415.0 |
               +--------+--------+--------+--------+--------+-----+--------+

Top non-repeatable levels by time:
     D:3: 2021 daAuts
     D:7: 1982 daAuts
     D:5: 1717 daAuts
     D:4: 1389 daAuts
     D:2: 1201 daAuts
     D:1: 846 daAuts
     D:6: 615 daAuts
   Sewer: 415 daAuts
  Temple: 199 daAuts
     D:8: 6 daAuts
